[Event "*** Titled Tuesday Blitz"]
[Site "Chess.com"]
[Date "2020.11.24"]
[Round "2"]
[White "dopolian"]
[Black "zaur-mammadov"]
[Result "1-0"]
[WhiteElo "2413"]
[BlackElo "2653"]
[TimeControl "180+1"]
[EndTime "10:35:10 PST"]
[Termination "dopolian won by checkmate"]

1. Nf3 d5 2. e3 Nf6 3. g3 c5 4.
Bg2 Nc6 5. c4 e6 6. O-O Be7 7.
b3 O-O 8. cxd5 b6 9. dxc6 Qc7 10. Bb2 Ba6 11. Re1 Rfd8 12. d4 cxd4 13. exd4 Nd5 14. Nc3 Bb4 15. Nxd5 exd5 16. Re2 Bxe2 17. Qxe2 Qxc6 18. Ne5 Qf6 19. Rc1 h6 20. Rc6 Qf5 21.
Qc2 Qxc2 22. Rxc2 Rac8 23. Rxc8 Rxc8 24. Bxd5 Rc2 25. Nd3 Bd6 26. a4 Kf8 27. Bc1 g5 28. Bc4 Ke7 29. Be3 f6 30. Kg2 h5 31. Ne1 Ra2 32.
Nf3 Bb4 33. h4 g4 34. Ng1 Bd2 35. Bxd2 Rxd2 36. Ne2 Kd6 37. Nf4 Rxd4 38. Nxh5 Ke5 39. Nf4 Rd2 40. h5 Rd7 41. Ng6+ Kd4 42. Be6 Rh7 43.
Nf4 a6 44. Bf5 Rh8 45. Bg6 b5 46. axb5 axb5 47. Bd3 b4 48. Bc4 Rh7 49. Be6 Kc3 50.
Nd5+ Kd4 51. Ne3 Rxh5 52. Nxg4 Ra5 53. Ne3 Ra6 54. Bc4 Ra7 55. Kf3 Ke5 56. Ng4+ Kd4 57.
Nxf6 Ra5 58. Nd5 Kc5 59. Ne3 Ra8 60. g4 Rf8+ 61. Kg3 Kd4 62. g5 Ke4 63. g6 Rf3+ 64.
Kg2 Rf6 65. Bf7 Kd4 66. g7 Rxf7 67. g8=Q Rc7 68. Qc4+ Rxc4 69. Nxc4 Kc3 70. Na5 Kd4 71. f4 Kc5 72. Kg3 Kb5 73. Nc4 Kc5 74. Kg4 Kd4 75. f5 Kc3 76. Na5 Kd4 77. f6 Kc5 78. f7 Kb5 79.
f8=Q Kxa5 80. Qc5+ Ka6 81. Qxb4 Ka7 82. Qb5 Ka8 83. Kf5 Ka7 84. Ke6 Ka8 85. Kd7 Ka7 86. Kc7 Ka8 87. Qa6# 1-0

[Event "*** Titled Tuesday Blitz"]
[Site "Chess.com"]
[Date "2020.11.24"]
[Round "2"]
[White "Sanan_Sjugirov"]
[Black "RestartingChess"]
[Result "1-0"]
[WhiteElo "2927"]
[BlackElo "2559"]
[TimeControl "180+1"]
[EndTime "10:35:16 PST"]
[Termination "Sanan_Sjugirov won by checkmate"]

1. e4 Nf6 2. e5 Nd5 3. d4 d6 4. Nf3 g6 5. exd6 cxd6 6. c4 Nb6 7. Be2 Bg7 8. O-O O-O 9. Nc3 Bf5 10. b3 Nc6 11.
Ba3 a5 12. h3 Re8 13. Qd2 e5 14. d5 Nb4 15. Rac1 Qf6 16. Nb5 e4 17. Nfd4 e3 18.
fxe3 Bh6 19. Rf3 Qe5 20. Nxf5 gxf5 21. Rc3 N4xd5 22. cxd5 Nxd5 23. Rd3 Bxe3+ 24. Rfxe3 Nxe3 25. Rxe3 Qxe3+ 26. Qxe3 Rxe3 27. Bc4 Re1+ 28. Kh2 Ra1 29. Nxd6 Rxa2 30. Bc5 f4 31. Nxf7 Kg7 32. Bd4+ Kf8 33. Ng5 Ke7 34. Bd5 Rd8 35. Bc5+ Kf6 36. Bxb7 Rd7 37.
Ne4+ Ke5 38. Bc6 Rd8 39. Bb6 Rc8 40. Bb7 Rcc2 41. Ng5 h6 42. Nf3+ Kd6 43. Nd4 Rcb2 44. Nf5+ Ke5 45. Nxh6 a4 46. Bc7+ Kf6 47. Bd8+ Kg6 48.
Be4+ Kxh6 49. bxa4 Rb4 50. Bf3 Rbxa4 51. h4 Kg6 52. Bg5 Kf5 53. Kh3 Ra1 54. Bg4+ Kg6 55. Kh2 R4a2 56. Bf3 Kf5 57. Bc6 Rf2 58. Bd7+ Ke4 59.
Bc6+ Ke3 60. Be7 f3 61. Bc5+ Ke2 62. Bxf2 Kxf2 63. Bxf3 Ra4 64. Kh3 Ke3 65. Kg3 Ra7 66. Kg4 Rg7+ 67. Kf5 Kf2 68. h5 Kg3 69. h6 Rg8 70.
Kf6 Kh4 71. h7 Rh8 72. Kg7 Rxh7+ 73. Kxh7 Kg5 74. Kg7 Kf4 75. Kf6 Kg3 76. Kg5 Kf2 77.
Kf4 Kg1 78. g4 Kh2 79. g5 Kg1 80. g6 Kh2 81. g7 Kh3 82. g8=Q Kh4 83. Qg4# 1-0

[Event "*** Titled Tuesday Blitz"]
[Site "Chess.com"]
[Date "2020.11.24"]
[Round "2"]
[White "platy3"]
[Black "FontVella8"]
[Result "0-1"]
[WhiteElo "2838"]
[BlackElo "2541"]
[TimeControl "180+1"]
[EndTime "10:35:16 PST"]
[Termination "FontVella8 won by resignation"]

1. e4 e5 2. Nf3 Nc6 3. d4 exd4 4.
Nxd4 Bc5 5. Nb3 Bb6 6. Nc3 Nf6 7.
Bg5 h6 8. Bh4 g5 9. Bg3 Qe7 10.
Qe2 d6 11. O-O-O Be6 12. h4 O-O-O 13. Nd5 Bxd5 14. exd5 Qxe2 15. Bxe2 Ne5 16. c4 Nfg4 17. f3 Ne3 18. Bxe5 dxe5 19. c5 Nxd1 20. Rxd1 gxh4 21.
cxb6 axb6 22. Bd3 Rhg8 23. Bf5+ Kb8 24. Bh3 Rg6 25. Re1 Rxd5 26. Nd2 Rc6+ 27. Kd1 Rcd6 28.
Re2 Rc5 29. Bf5 Rdc6 30. Ke1 Rc1+ 31. Kf2 Rd1 32. Nf1 Rc5 33. Ne3 Ra1 34. a3 c6 35.
Be4 Kc7 36. Nf5 h5 37. Nxh4 Rcc1 38. Nf5 b5 39. Kg3 c5 40. Kh4 Re1 41. Rc2 Rac1 42.
Rxc1 Rxc1 43. Kxh5 c4 44. Ne3 Kb6 45. Kg5 Kc5 46. Kf6 c3 47. b3 b4 48. a4 Re1 49.
Nc2 Rb1 50. Nd4 Rb2 51. Nc2 Rxb3 52. Kxf7 Rb2 53. g4 b3 54. Ne1 c2 55. Nd3+ Kd4 56. g5 Rb1 57. g6 Rg1 58. g7 b2 59.
Bg6 c1=Q 60. g8=Q Qc7+ 61. Kf6 Qd6+ 62. Kf5 Qxg6+ 63. Qxg6 Rxg6 64. Nxb2 Rb6 65. Nd1 Rb4 66. Nf2 Rxa4 67. Ng4 b5 68. Nxe5 b4 69. Nc6+ Kc5 70. Ne5 Ra3 71. f4 Rc3 72. Ke4 b3 73. Nd3+ Kc4 74.
Nb2+ Kb4 75. f5 Rc2 76. Nd3+ Kc3 77. f6 Re2+ 78. Kf3 Re6 79. Nf4 Rxf6 0-1

[Event "*** Titled Tuesday Blitz"]
[Site "Chess.com"]
[Date "2020.11.24"]
[Round "2"]
[White "bait_or_mate"]
[Black "dpopadic"]
[Result "1-0"]
[WhiteElo "2609"]
[BlackElo "2336"]
[TimeControl "180+1"]
[EndTime "10:35:18 PST"]
[Termination "bait_or_mate won on time"]

1. d4 Nf6 2. c4 g6 3. Nc3 Bg7 4. e4 d6 5. Nf3 O-O 6. Be2 e5 7. O-O Na6 8. dxe5 dxe5 9. Be3 c6 10. Qc2 Qe7 11. Rad1 Bg4 12. Rd2 Bxf3 13. Bxf3 Nc5 14.
Rfd1 Ne6 15. Qa4 Rfd8 16. Qa5 Rxd2 17. Rxd2 Nd7 18. g3 Nd4 19. Bg2 Nc5 20. Ne2 Nce6 21. h3 b6 22. Qc3 Rd8 23. Qc1 Nxe2+ 24. Rxe2 Nd4 25. Rd2 c5 26. Qd1 Qe6 27. Qa4 Qd7 28. Qxd7 Rxd7 29. Kf1 f6 30. h4 Kf7 31. Bh3 Rd8 32. Bg4 Bf8 33. Bd1 Be7 34. Ba4 Ne6 35. Bc6 Rxd2 36. Bxd2 Nd4 37. Bd5+ Kg7 38. Bc3 a5 39. Ke1 h5 40. Kd2 Kf8 41. Kd3 Ke8 42. Bd2 Bf8 43. Be3 Ke7 44. f4 Bg7 45. Bc1 Bh6 46. Be3 Bg7 47. b3 Kd6 48. fxe5+ fxe5 49. Bg5 Kd7 50. Be3 Bf6 51. Bh6 Ke7 52. Be3 Nf3 53.
Bf2 Nd4 54. Be1 Nf3 55. Bf2 Nd4 56. Be3 Kd6 57. Bd2 Ke7 58. Bc3 Nf3 59. Ke3 Nd4 60. Kd3 Nf3 61. Bb2 Nd4 62. Bc1 Nf3 63. Be3 Nd4 64. Bf2 Nf3 65. Kc3 Nd4 66. a3 Kd8 67. b4 axb4+ 68. axb4 Be7 69. bxc5 bxc5 70. Be3 Ne2+ 71.
Kd3 Nxg3 72. Bh6 Bxh4 73. Bg7 1-0

[Event "*** Titled Tuesday Blitz"]
[Site "Chess.com"]
[Date "2020.11.24"]
[Round "2"]
[White "MomchilPetkov"]
[Black "TrickyFortem"]
[Result "0-1"]
[WhiteElo "2685"]
[BlackElo "2483"]
[TimeControl "180+1"]
[EndTime "10:35:19 PST"]
[Termination "TrickyFortem won by resignation"]

1. e4 c5 2. a3 d5 3. exd5 Qxd5 4.
Nc3 Qd8 5. Nf3 Nc6 6. Bc4 Nf6 7. b4 Bg4 8. b5 Nd4 9. Ne5 Be6 10. Bxe6 Nxe6 11.
Qf3 Qc7 12. Nc4 Nd4 13. Qd1 g6 14. O-O Bg7 15. a4 O-O 16. d3 Rad8 17. Bb2 Qf4 18. Ne2 Nxe2+ 19. Qxe2 Rfe8 20. Be5 Qh4 21. h3 Nd5 22.
Bxg7 Kxg7 23. Qe5+ Qf6 24. Rfe1 Qxe5 25. Rxe5 f6 26. Re6 Nf4 27. Re4 e5 28. a5 Rd4 29.
Rxd4 Ne2+ 30. Kf1 Nxd4 31. b6 axb6 32. axb6 Re7 33. Ra2 Kf7 34. Ke1 Ke6 35. c3 Nb5 36. Kd2 Nd6 37. Ne3 f5 38. c4 e4 39. Nd5 Rd7 40. Ra8 Ke5 41. Rf8 Kd4 42. Nf4 exd3 43.
Ne6+ Kxc4 44. f3 Re7 45. Nf4 Kd4 46. Nxd3 Nc4+ 47. Kc2 Re2+ 48. Kb3 Na5+ 49. Ka4 Ra2+ 50.
Kb5 Kxd3 51. Rd8+ Ke3 52. Kxc5 Rxg2 53. Rd7 Kxf3 54. Rxh7 Rc2+ 55. Kb5 Ra2 56. Rg7 f4 57. Rxg6 Nc6 58. h4 Rb2+ 59. Kc5 Rc2+ 60. Kb5 Nd4+ 61. Kb4 Nc6+ 62. Kb5 Kf2 63. Rg7 Nd4+ 64. Kb4 f3 65.
Rxb7 Nc6+ 66. Kb5 Nd4+ 67. Kb4 Kf1 68. Ka5 f2 69. Rf7 Ra2+ 70. Kb4 Nc6+ 71. Kc5 Ne5 72.
Rf5 Nd7+ 73. Kc6 Nxb6 74. Kxb6 Ke1 75. Kc5 f1=Q 76. Rxf1+ Kxf1 77. Kd5 Rh2 78. Ke5 Rxh4 79. Kf5 Ra4 80. Kg5 Ke2 81. Kf5 Kd3 82. Ke5 Rb4 83.
Kd5 Rb5+ 84. Kd6 Kc4 85. Kc6 Rd5 86. Kb6 Rc5 87. Kb7 Kb5 88. Ka8 Kb6 89. Kb8 Rc4 0-1

[Event "*** Titled Tuesday Blitz"]
[Site "Chess.com"]
[Date "2020.11.24"]
[Round "2"]
[White "mbojan"]
[Black "mapleaff"]
[Result "1-0"]
[WhiteElo "2685"]
[BlackElo "2420"]
[TimeControl "180+1"]
[EndTime "10:35:19 PST"]
[Termination "mbojan won by checkmate"]

1. g3 h5 2. Nf3 b6 3. e4 Bb7 4. d3 e6 5. Bg2 Be7 6. h4 c5 7. Nc3 Nc6 8. Ne2 Nf6 9. Ng5 d5 10. Nf4 dxe4 11. Nxe4 Nxe4 12. Bxe4 g6 13. Bd2 Bf6 14. Bc3 Bxc3+ 15. bxc3 Na5 16. Qe2 Bxe4 17. Qxe4 O-O 18. O-O Qf6 19. c4 Rac8 20. Rac1 Nc6 21. c3 Rfd8 22. Rfe1 Ne7 23. Qe5 Qxe5 24. Rxe5 Nf5 25.
a4 Rd6 26. Re2 Rcd8 27. Kg2 Ne7 28. a5 Nc6 29. axb6 axb6 30. Rb1 Nb8 31. Ra1 Nc6 32.
Ra6 Ne7 33. Kf1 Kg7 34. Ra7 R8d7 35. Ra6 Kf6 36. Re3 e5 37. Nd5+ Nxd5 38. cxd5 Rxd5 39. Rxb6+ Kg7 40. Ke2 Ra7 41. c4 Ra2+ 42. Kf3 Rd4 43. Rc6 e4+ 44. dxe4 Rxc4 45. Kg2 Rcc2 46. Rf3 Ra7 47. e5 Re2 48. Rxc5 Re7 49. Re3 Rxe3 50. fxe3 Rb7 51. Kf3 Rb4 52. Rc7 Kf8 53. e4 Rb3+ 54.
Kf4 Rb2 55. e6 Rf2+ 56. Kg5 fxe6 57. Kxg6 Rf3 58. Kxh5 Rxg3 59. e5 Re3 60. Rc5 Rg3 61.
Rc4 Re3 62. Kg6 Rxe5 63. Rc8+ Ke7 64. h5 Re1 65. Rc7+ Kd6 66. Ra7 Rg1+ 67. Kf6 e5 68. h6 e4 69. h7 Rh1 70. Kg7 Kd5 71. Ra6 Kd4 72. Rh6 Rxh6 73. Kxh6 e3 74. h8=Q+ Kd3 75. Qa1 e2 76. Qe1 Ke3 77. Kh5 Kf3 78.
Kh4 Kg2 79. Qxe2+ Kh1 80. Qa2 Kg1 81. Kg3 Kf1 82. Qf2# 1-0

[Event "*** Titled Tuesday Blitz"]
[Site "Chess.com"]
[Date "2020.11.24"]
[Round "2"]
[White "inegrepus"]
[Black "Jungle_Jaguar"]
[Result "1/2-1/2"]
[WhiteElo "2231"]
[BlackElo "2599"]
[TimeControl "180+1"]
[EndTime "10:35:27 PST"]
[Termination "Game drawn by agreement"]

1. Nf3 Nf6 2. c4 g6 3. Nc3 Bg7 4. e4 d6 5. d4 O-O 6. Be2 e5 7. dxe5 dxe5 8. Qxd8 Rxd8 9. Bg5 Re8 10. O-O-O Nc6 11.
Nd5 Nxd5 12. cxd5 Nd4 13. Nxd4 exd4 14. Bf3 Bd7 15. Kb1 c5 16. dxc6 bxc6 17. Rc1 Rab8 18.
Bf4 Rb5 19. e5 Bxe5 20. Bxe5 Rexe5 21. Bxc6 Bxc6 22. Rxc6 d3 23. Rd1 Re2 24. b3 Ra5 25.
a4 Rd5 26. Rc3 d2 27. Rf3 h5 28. Kc2 Kg7 29. b4 Rd4 30. b5 f5 31. a5 Ra4 32. b6 Rxa5 33. bxa7 Rxa7 34. Kd3 Re6 35.
Rxd2 Ra3+ 36. Kc2 Rxf3 37. gxf3 Kf6 38. Kd1 Kg5 39. Rd4 Ra6 40. Ke2 Ra2+ 41. Kf1 h4 42.
h3 Rb2 43. Kg2 Ra2 44. Rc4 Kh5 45. Rb4 Rc2 46. Rd4 g5 47. Ra4 Kg6 48. Ra6+ Kf7 49.
Rb6 Rd2 50. Ra6 Re2 51. Rd6 Re6 52. Rd7+ Kf6 53. Rd5 Ra6 54. Rd4 Ke5 55. Rb4 Ra5 56.
Rc4 Kd5 57. Rb4 Kd6 58. Rd4+ Ke5 59. Rb4 Kd5 60. Rb8 Ke5 61. Rb4 Rc5 62. Ra4 Kf6 63.
Rb4 Kg6 64. Rd4 Rc2 65. Rd6+ Kf7 66. Ra6 Re2 67. Rb6 Re6 68. Rb5 Kf6 69. Ra5 Re5 70. Ra4 Rd5 71. Rb4 Ke5 72. Ra4 Rd4 73. Ra7 Kf4 74.
Ra3 Rb4 75. Rc3 g4 76. fxg4 fxg4 77. hxg4 Kxg4 78. f3+ Kf4 79. Rc8 Rb2+ 80. Kh3 Rb1 81. Rc4+ Kxf3 82. Kxh4 Rb5 83. Ra4 Rd5 84. Rb4 Ke3 85. Ra4 1/2-1/2

[Event "*** Titled Tuesday Blitz"]
[Site "Chess.com"]
[Date "2020.11.24"]
[Round "2"]
[White "sbouchet"]
[Black "PLAYER_2006_M"]
[Result "1-0"]
[WhiteElo "2312"]
[BlackElo "2497"]
[TimeControl "180+1"]
[EndTime "10:35:30 PST"]
[Termination "sbouchet won by resignation"]

1. e4 e5 2. Nc3 Nf6 3. Nf3 Nc6 4. d4 exd4 5. Nxd4 Bb4 6. Nxc6 bxc6 7. Bd3 d5 8. exd5 O-O 9. O-O cxd5 10. Bg5 c6 11. Na4 h6 12. Bh4 Rb8 13. c3 Bd6 14. b4 Re8 15.
Bg3 Bxg3 16. hxg3 Qd6 17. Nc5 Nd7 18. Nxd7 Bxd7 19. Bc2 c5 20. a3 Bb5 21. Re1 Rxe1+ 22.
Qxe1 d4 23. bxc5 Qxc5 24. Qe4 Qxc3 25. Qh7+ Kf8 26. Rd1 Rc8 27. Bf5 Rc5 28. g4 d3 29.
Qh8+ Ke7 30. Qb8 g6 31. Qxa7+ Kf6 32. Be4 d2 33. Rxd2 Qc1+ 34. Kh2 Re5 35. Rd6+ Kg7 36. Rxg6+ Kf8 37. Qb8+ Re8 38. Qd6+ Re7 39. Rxh6 Qc7 40.
Qxc7 Rxc7 41. Rb6 Be2 42. f3 Rc3 43. a4 Ra3 44. Rb4 Ra2 45. Kg3 Bf1 46. f4 Ra3+ 47. Bf3 Ra2 48. g5 Kg7 49. f5 Bd3 50. Kf4 Bc2 51.
Bc6 Ra3 52. g4 Ra1 53. Rb7 Rf1+ 54. Ke5 Re1+ 55. Kd4 Rd1+ 56. Kc3 Bb1 57. g6 Ba2 58. gxf7 Rc1+ 59. Kb2 Rxc6 60. Kxa2 Rc4 61. Kb3 Rf4 62.
a5 Rxg4 63. a6 Rg3+ 64. Kb4 Rg4+ 65. Kb5 Rg1 66. a7 Rb1+ 67. Kc6 Rc1+ 68. Kb6 Rb1+ 69. Kc7 Ra1 70. Kb8 Kf8 71. a8=Q Rxa8+ 72. Kxa8 Kg7 73. Kb8 Kf8 74. Kc7 Kg7 75. Kd6 Kf8 76. Ke5 Kg7 77.
f6+ Kf8 78. Rb8+ Kxf7 79. Rb7+ Kf8 80. Ke6 Kg8 81. f7+ Kg7 82. Ke7 Kg6 83. f8=Q Kh5 84. Qg7 Kh4 85. Rb8 1-0

[Event "*** Titled Tuesday Blitz"]
[Site "Chess.com"]
[Date "2020.11.24"]
[Round "2"]
[White "jacky72"]
[Black "CakeinSpace2002"]
[Result "0-1"]
[WhiteElo "2703"]
[BlackElo "2401"]
[TimeControl "180+1"]
[EndTime "10:35:32 PST"]
[Termination "CakeinSpace2002 won by checkmate"]

1. g3 c5 2. Bg2 g6 3. b3 Bg7 4. Nc3 Nf6 5. Bb2 O-O 6. e3 d5 7. Nge2 e5 8. d4 exd4 9. exd4 cxd4 10. Nxd4 Re8+ 11. Nce2 Nc6 12. O-O Bg4 13. f3 Bd7 14. Re1 Qb6 15. Kh1 Rad8 16. Qd2 Bc8 17. Rad1 Re7 18.
Nf4 Rde8 19. Rxe7 Rxe7 20. Nxc6 bxc6 21. Bd4 Qc7 22. Qc3 Ne8 23. Bxg7 Nxg7 24. Qf6 Ne8 25. Qd4 Qe5 26. Qxe5 Rxe5 27. Kg1 Bf5 28. Rd2 Re1+ 29.
Kf2 Rc1 30. Nd3 Bxd3 31. cxd3 d4 32. f4 c5 33. Bd5 Nf6 34. Bf3 Kf8 35. g4 Ke7 36.
Re2+ Kd6 37. g5 Nd7 38. h4 Rc3 39. Be4 f6 40. gxf6 Nxf6 41. Kf3 Rc1 42. f5 gxf5 43. Bxf5 Rf1+ 44. Rf2 Rxf2+ 45. Kxf2 Ke5 46. Bc8 Kf4 47. a3 a5 48. Be6 h6 49. Bf7 Ng4+ 50.
Ke2 Ne5 51. Be6 Nf3 52. h5 Ng5 53. Bd7 Nf7 54. Be8 Ne5 55. Ba4 Kg4 56. Be8 Kg3 57. Bb5 Nf3 58. Bc6 Ng1+ 59. Kd2 Kf2 60. Kc2 Ke3 61. Be4 Ne2 62. Bg6 Nf4 63. b4 cxb4 64.
axb4 axb4 65. Kb3 Nxd3 66. Be8 Nf4 67. Kxb4 d3 68. Kc5 d2 69. Ba4 Nxh5 70. Kd5 Nf4+ 71. Ke5 h5 72. Kf5 h4 73. Kg4 h3 74. Kg3 Ke2 75. Bd7 Kf1 76. Kh2 d1=Q 77. Bg4 Qd2+ 78. Be2+ Qxe2+ 79. Kg3 Qg2+ 80. Kh4 Ne2 81. Kh5 h2 82.
Kh4 h1=Q# 0-1

[Event "*** Titled Tuesday Blitz"]
[Site "Chess.com"]
[Date "2020.11.24"]
[Round "2"]
[White "Ranindu2003"]
[Black "amintabatabaei"]
[Result "0-1"]
[WhiteElo "2567"]
[BlackElo "2962"]
[TimeControl "180+1"]
[EndTime "10:35:42 PST"]
[Termination "amintabatabaei won on time"]

1. e4 g6 2. d4 Bg7 3. Nc3 d6 4.
f4 Nf6 5. Nf3 O-O 6. e5 dxe5 7.
fxe5 Nd5 8. Bc4 Be6 9. Nxd5 Bxd5 10. Bxd5 Qxd5 11. Qe2 Nc6 12. c4 Qa5+ 13. Bd2 Qb6 14.
Bc3 e6 15. O-O Rad8 16. Kh1 Ne7 17. Rad1 c5 18. a3 cxd4 19. Bxd4 Qc7 20. Qf2 b6 21. c5 b5 22. b4 h5 23. Qe2 a6 24.
Qe4 Rd5 25. Bb2 Rfd8 26. Rc1 Nc6 27. Rce1 Qe7 28. Qf4 Rf8 29. h3 Qc7 30. Re2 a5 31. Rfe1 axb4 32. axb4 Rd3 33. Ng5 Rb3 34. g4 Rxb4 35. Qg3 hxg4 36. hxg4 Nd4 37. Qh4 Rd8 38. Qh7+ Kf8 39. Rf2 Rxb2 40. Rxb2 Qc6+ 41. Kg1 Nf3+ 42. Nxf3 Qxf3 43. Qh4 Rd4 44. Rg2 b4 45. Qf2 Qxf2+ 46. Kxf2 Rc4 47. Kf3 Rxc5 48. Rb2 Rb5 49. Re4 b3 50. Re3 Bxe5 51. Rbxb3 Rxb3 52. Rxb3 Kg7 53. Re3 Bf6 54. Re2 Bg5 55. Rg2 Kf6 56. Re2 Ke7 57.
Rg2 Kd6 58. Ke4 f5+ 59. gxf5 gxf5+ 60. Kf3 Bf6 61. Rd2+ Ke7 62. Re2 Bg5 63. Rg2 Kf6 64.
Re2 e5 65. Re1 Ke6 66. Rg1 e4+ 67. Ke2 Kf6 68. Ra1 f4 69. Ra4 Kf5 70. Kf2 Bh4+ 71.
Kf1 f3 72. Ra2 Kf4 73. Rb2 Bf6 74. Rb4 Bc3 75. Rb6 e3 76. Rb8 e2+ 0-1

[Event "*** Titled Tuesday Blitz"]
[Site "Chess.com"]
[Date "2020.11.24"]
[Round "2"]
[White "ShapkinAnatoliy"]
[Black "serhanberat_ozdemir"]
[Result "1-0"]
[WhiteElo "2650"]
[BlackElo "2347"]
[TimeControl "180+1"]
[EndTime "10:35:44 PST"]
[Termination "ShapkinAnatoliy won on time"]

1. d4 Nf6 2. c4 g6 3. Nc3 Bg7 4. e4 d6 5. Nf3 O-O 6. Be2 Bg4 7.
Be3 Nfd7 8. O-O c5 9. d5 Na6 10.
Qd2 Nc7 11. a4 Re8 12. Rfe1 e6 13. dxe6 Nxe6 14. Qxd6 Bxf3 15. Bxf3 Ne5 16. Qxd8 Raxd8 17. Be2 Nd4 18. Rac1 Nxe2+ 19. Rxe2 Nxc4 20. Bxc5 b6 21. Be3 Bxc3 22. bxc3 Rxe4 23. a5 bxa5 24. Kf1 a4 25. Bd4 Rxe2 26. Kxe2 Rb8 27. Kd3 Nb2+ 28. Kc2 Nc4 29.
Kd3 Nb2+ 30. Kc2 Nc4 31. Ra1 a3 32. Kd3 Nb2+ 33. Ke4 Nc4 34. Kd5 Rc8 35. Bc5 Nb6+ 36.
Bxb6 axb6 37. Rxa3 Rc5+ 38. Kd4 Kg7 39. Ra7 Rc6 40.
Rb7 h5 41. h4 Rc5 42. Rxb6 Rf5 43. Ke3 Rc5 44. Kd3 Rf5 45. f3 Rf4 46. Rb4 Rf5 47. Rd4 Rc5 48. c4 Kf6 49. Rd5 Rc8 50. Kd4 Ra8 51. c5 Ra4+ 52. Kd3 Ra3+ 53. Ke4 Ra4+ 54.
Rd4 Ra5 55. Rc4 Ra7 56. c6 Rc7 57. Kd5 Ke7 58. Re4+ Kd8 59. Kd6 Ra7 60. Rb4 Kc8 61.
Rb7 Ra3 62. Rxf7 Rd3+ 63. Ke5 Rc3 64. Rf6 g5 65. hxg5 Rc2 66. Kd6 Rd2+ 67. Ke6 Rxg2 68. g6 h4 69. Kf7 h3 70. Rf5 h2 71. Rh5 Rg3 72. f4 Rf3 73. Rxh2 Rxf4+ 74. Kg8 Kc7 75. Rd2 Kxc6 76. g7 Kc7 77. Kh7 Rh4+ 78. Kg6 Rg4+ 79.
Kf7 Rf4+ 80. Kg8 Kc6 81. Rh2 Kd6 82. Kh7 Rf7 83. Kh8 Ke7 84. g8=Q 1-0

[Event "*** Titled Tuesday Blitz"]
[Site "Chess.com"]
[Date "2020.11.24"]
[Round "2"]
[White "RobertoJBM"]
[Black "enriquetejedor"]
[Result "1/2-1/2"]
[WhiteElo "2700"]
[BlackElo "2481"]
[TimeControl "180+1"]
[EndTime "10:35:53 PST"]
[Termination "Game drawn - insufficient material"]

1. d4 c6 2. e4 d5 3. exd5 cxd5 4.
Bd3 Nf6 5. c3 g6 6. Bf4 Bg7 7.
Nf3 O-O 8. O-O Nh5 9. Be3 Qc7 10.
Re1 Nf4 11. Bf1 Nc6 12. g3 Nh5 13. Nbd2 Bf5 14. Nb3 b6 15. Rc1 Rac8 16. Be2 Nf6 17. Bf4 Qb7 18. Bd3 Bxd3 19. Qxd3 e6 20. Ne5 Nd7 21. Nxd7 Qxd7 22. Re2 f6 23. Rd1 e5 24. dxe5 fxe5 25. Be3 Rcd8 26. Red2 Qe6 27. Qb5 Ne7 28. Bg5 Bf6 29. Bxf6 Rxf6 30. Re2 Qg4 31. Rde1 e4 32.
Nd4 Qd7 33. Qxd7 Rxd7 34. Rd1 Nf5 35. Nb3 Rfd6 36. Kg2 Kf7 37. f3 Re7 38. fxe4 Rxe4 39. Rxe4 dxe4 40. Re1 e3 41. g4 Rd2+ 42. Kf3 Rf2+ 43.
Ke4 Nd6+ 44. Kxe3 Rxb2 45. Re2 Rb1 46. Nd4 Rc1 47. Kd3 Rd1+ 48. Kc2 Rg1 49. h3 Rg3 50. Nc6 Nb5 51. Ne5+ Kg7 52. Nd3 Rxh3 53. a4 Nd6 54. Re7+ Kf6 55. Rxa7 Rh2+ 56. Kb3 Rh3 57. Nb4 Ne4 58.
Na2 Rg3 59. Kb4 Rxg4 60. Kb5 Rg2 61. Nb4 Nxc3+ 62. Kc4 Ne4 63. Nd5+ Kg5 64. Ne3 Rd2 65. Ra6 Re2 66. Kd3 Re1 67. Kxe4 Rb1 68. Nd5 b5 69. a5 b4 70. Kd4 b3 71. Kc3 h5 72. Nb4 h4 73. Nd3 h3 74. Ra8 h2 75. Rh8 h1=Q 76.
Rxh1 Rxh1 77. Kxb3 Ra1 78. Kb4 Kh4 79. Ne5 g5 80. Kb5 g4 81. Nxg4 Kxg4 82. Kb6 Rb1+ 83. Kc7 Ra1 84. Kb6 Rb1+ 85. Kc6 Kf5 86. a6 Ra1 87.
Kb7 Rb1+ 88. Kc7 Ra1 89. Kb7 Ke6 90. a7 Kd7 91. a8=Q Rb1+ 92. Ka7 Ra1+ 93. Kb8 Rxa8+ 94.
Kxa8 1/2-1/2

[Event "*** Titled Tuesday Blitz"]
[Site "Chess.com"]
[Date "2020.11.24"]
[Round "2"]
[White "picturesquecheck"]
[Black "beautroll"]
[Result "1/2-1/2"]
[WhiteElo "2121"]
[BlackElo "2393"]
[TimeControl "180+1"]
[EndTime "10:35:54 PST"]
[Termination "Game drawn by repetition"]

1. e4 c5 2. Nf3 d6 3. d4 cxd4 4. Nxd4 Nf6 5. Nc3 a6 6. Be3 e6 7. f3 b5 8. g4 h6 9. Qd2 Nbd7 10. O-O-O Bb7 11. Bd3 b4 12. Nce2 d5 13. g5 hxg5 14. Bxg5 Qa5 15. Kb1 dxe4 16. Nb3 Qc7 17. fxe4 Be7 18.
Ng3 Ne5 19. Rdf1 O-O-O 20. Qe3 Kb8 21. Bf4 Bd6 22. Rc1 Nfg4 23. Qe2 Qb6 24. h3 Nf6 25.
Be3 Qc7 26. Nf1 Nxe4 27. Bxa6 Bxa6 28. Qxa6 Nc4 29. Bd4 e5 30. Ba7+ Qxa7 31. Qxc4 f5 32. Ka1 Qb6 33. Nfd2 Nf2 34. Rhf1 e4 35. Qe6 Bc5 36.
Qxf5 e3 37. Nc4 Qb5 38. Qf4+ Ka8 39. Nxe3 Bxe3 40. Qxe3 Nxh3 41. Qf3+ Kb8 42. Qg3+ Ka8 43. Rh1 Qf5 44. c3 Nf4 45. Rxh8 Rxh8 46. Qf3+ Kb8 47.
cxb4 g5 48. Qc3 Rc8 49. Qxc8+ Qxc8 50. Rxc8+ Kxc8 51. Nd4 g4 52. Nf5 Ne2 53. Kb1 g3 54. Nxg3 Nxg3 55. Kc2 Kb7 56. Kc3 Kc6 57. a4 Ne4+ 58.
Kc4 Nd6+ 59. Kb3 Ne4 60. Ka3 Nd2 61. b3 Kb6 62. b5 Ne4 63. Kb4 Nd6 64. a5+ Kb7 65. Kc5 Nc8 66. a6+ Ka7 67. b4 Nb6 68. Kc6 Nc8 69. Kc7 Nb6 70. Kc6 Nc8 71. Kd7 Nb6+ 72. Kc7 Nd5+ 73. Kd6 Nb6 74. Kc5 Nd7+ 75. Kd5 Nb6+ 76. Ke6 Nc8 77. Kd7 Nb6+ 78. Kd8 Na8 79. Kc8 Nb6+ 80. Kc7 Na8+ 81. Kc6 Nb6 82. Kd6 Nc8+ 83.
Kc5 Nb6 84. Kc6 1/2-1/2

[Event "*** Titled Tuesday Blitz"]
[Site "Chess.com"]
[Date "2020.11.24"]
[Round "2"]
[White "BegmuratovKh2010"]
[Black "TigrVShlyape"]
[Result "0-1"]
[WhiteElo "2513"]
[BlackElo "2811"]
[TimeControl "180+1"]
[EndTime "10:36:09 PST"]
[Termination "TigrVShlyape won by checkmate"]

1. d4 Nf6 2. Nf3 g6 3. c4 Bg7 4. g3 d6 5. Bg2 O-O 6. O-O Nc6 7. Nc3 a5 8. e4 e5 9. d5 Nb8 10. Ne1 Na6 11. Nd3 Nd7 12. h4 Ndc5 13. Be3 f5 14.
Nxc5 Nxc5 15. Bxc5 dxc5 16. d6 Qxd6 17. Qxd6 cxd6 18.
Rad1 Ra6 19. Rd3 f4 20. Rfd1 Bg4 21. f3 Be6 22. Rxd6 fxg3 23. b3 Rxd6 24. Rxd6 Re8 25. Nd5 Bc8 26. Rb6 Kf8 27. Rb5 Bh6 28. Rxc5 Bd2 29.
Rc7 Be6 30. Nf6 Re7 31. Nxh7+ Ke8 32. Nf6+ Kf7 33. Nd5 Rxc7 34. Nxc7 Bd7 35. Nd5 Kg7 36.
Bf1 Kh6 37. Kg2 Be1 38. Nf6 Be6 39. Ng4+ Kh5 40. Nxe5 Kxh4 41. Nxg6+ Kg5 42. Ne5 b6 43. Nd3 Bc3 44. Kxg3 Kf6 45. f4 Bf7 46. Kf3 Bd4 47. e5+ Ke7 48. Ke4 Bg1 49. f5 Bh5 50. Bh3 Be2 51. Nf4 Bd1 52. f6+ Kf7 53. Be6+ Ke8 54. Kd5 Bf3+ 55. Kd6 Bc5+ 56. Kc7 Be4 57. f7+ Ke7 58.
Bd5 Bf5 59. e6 Bd6+ 60. Kc6 Bxf4 61. Kxb6 Bd2 62. c5 Be3 63. Kb5 Bd3+ 64. Kb6 Bb1 65. a3 Ba2 66. b4 Bxd5 67. bxa5 Bxe6 68. a6 Kxf7 69. a7 Bd5 70. Kb5 Ba8 71. c6 Ke7 72.
Ka6 Kd8 73. a4 Kc7 74. a5 Bc5 75. Kb5 Bxa7 76. Ka6 Bf2 77. Kb5 Bxc6+ 78. Ka6 Ba8 79. Kb5 Bb7 80. a6 Ba8 81. Ka5 Kb8 82. Ka4 Ka7 83.
Kb5 Be4 84. Ka5 Bf3 85. Kb5 Be2+ 86. Ka4 Kxa6 87. Kb3 Bd4 88. Kc2 Be3 89. Kc3 Kb5 90. Kb3 Bd2 91. Kc2 Bb4 92. Kb3 Bd3 93. Kb2 Kc4 94.
Kc1 Be2 95. Kc2 Bc3 96. Kc1 Kb3 97. Kb1 Bd2 98. Ka1 Bd1 99. Kb1 Bc2+ 100. Ka1 Bc3# 0-1

[Event "*** Titled Tuesday Blitz"]
[Site "Chess.com"]
[Date "2020.11.24"]
[Round "2"]
[White "KononenkoD"]
[Black "baki83"]
[Result "0-1"]
[WhiteElo "2491"]
[BlackElo "2731"]
[TimeControl "180+1"]
[EndTime "10:36:13 PST"]
[Termination "baki83 won on time"]

1. d4 d5 2. c4 e6 3. Nf3 Nf6 4. g3 Be7 5. Bg2 O-O 6. O-O dxc4 7. Qc2 b6 8. Qxc4 Bb7 9. Bf4 c5 10.
dxc5 bxc5 11. Nc3 Nbd7 12. Rfd1 Qb6 13. Na4 Qa5 14. Rac1 Bd5 15. Qc2 Be4 16. Qc4 Nb6 17. Nxb6 axb6 18. a3 Bd5 19. Qc3 Qxc3 20. Rxc3 Ne4 21.
Rcc1 Bf6 22. Be5 Rfc8 23. Bxf6 Nxf6 24. Ne5 Kf8 25. e4 Bb3 26. Rd3 c4 27. Rdc3 b5 28. Re3 Rd8 29. Re2 Ra6 30. Nf3 Ra7 31. e5 Ne8 32. Nd2 Ba4 33. Ne4 Rad7 34. f4 Rd1+ 35. Re1 Rxc1 36. Rxc1 Rd4 37. Kf2 Nc7 38. Re1 Bc2 39.
Nc3 Bf5 40. Re2 Bg4 41. Rc2 Bd1 42. Rc1 Bb3 43. Re1 Ke7 44. Bf3 Bc2 45. Re2 Bg6 46. Ke3 Rd3+ 47. Kf2 Kd7 48. Ke1 Nd5 49. Bxd5 exd5 50.
Nxb5 Kc6 51. Nc3 d4 52. Ne4 Kd5 53. Nd2 c3 54. bxc3 dxc3 55. Nb3 Kc4 56. Nc1 Rd7 57. g4 Bd3 58. Rf2 c2 59. Kd2 Be4+ 60. Ke3 Bd3 61. Rd2 Bf5 62. Rxd7 Bxd7 63. Kd2 Bxg4 64. Kxc2 Kd4 65.
Kb2 Ke4 66. a4 Kxf4 67. a5 Bf3 68. Kc3 Kxe5 69. Kd3 Ba8 70. Ke3 f5 71. a6 f4+ 72.
Kf2 Ke4 73. a7 g5 74. Nb3 Kf5 75. Nc5 h5 76. Nd7 Kg4 77. Nb6 Bb7 78. a8=Q Bxa8 79.
Nxa8 Kh3 80. Kg1 g4 81. Nb6 f3 82. Nd5 f2+ 83. Kxf2 Kxh2 84. Nf6 g3+ 85. Kf3 g2 86. Nxh5 g1=Q 87. Nf4 Qf1+ 88. Ke4 Kg3 89. Nh5+ Kh4 90.
Ng7 Qb1+ 91. Ke5 Kg5 92. Ne6+ Kg4 93. Kd6 Qa1 94. Nc5 Kf5 95. Kc6 Ke5 96. Kb5 Qb1+ 97.
Kc4 Qc1+ 98. Kb5 Kd5 99. Na6 Qb1+ 100. Nb4+ Kd4 101. Ka5 Kc4 0-1